 Dungeon Crawl Stone Soup version 0.20.1-1-g8b1a95d (webtiles) character file.

68 MJtheKandyman the Conjurer (level 4, -2/33 HPs)
             Began as a Draconian Fire Elementalist on Dec 24, 2017.
             Slain by Sigmund
             ... wielding a +0 scythe
              (7 damage)
             ... on level 2 of the Dungeon.
             The game lasted 00:19:54 (2196 turns).

MJtheKandyman the Conjurer (DrFE)                   Turns: 2196, Time: 00:19:55

Health: -2/33      AC:  5    Str: 11    XL:     4   Next: 1%
Magic:  4/7        EV: 12    Int: 16    God:
Gold:   69         SH:  0    Dex: 11    Spells: 1/7 levels left

rFire    . . .     SeeInvis .   g - +1 dagger (elec)
rCold    . . .     Gourm    .   (no shield)
rNeg     . . .     Faith    .   (armour unavailable)
rPois    .         Spirit   .   (helmet restricted)
rElec    .         Reflect  .   (no cloak)
rCorr    .         Harm     .   (no gloves)
MR       .....                  (no boots)
Stlth    ++........             (no amulet)
Regen    0.2/turn               (no ring)
MPRegen  0.1/turn               (no ring)

@: no status effects
A: unfitting armour, cold-blooded, AC +5
a: no special abilities


You were on level 2 of the Dungeon.
You were full.

You visited 1 branch of the dungeon, and saw 2 of its levels.

You collected 69 gold pieces.

Inventory:

Hand Weapons
 f - a +0 dagger
 g - a +1 dagger of electrocution (weapon)
 j - a +0 short sword
 m - a +0 short sword
 s - a +0 short sword
Missiles
 h - 16 poisoned needles
Armour
 q - a cursed +0 pair of gloves
 r - a +0 pair of gloves
Jewellery
 l - an uncursed ring of fire {unknown}
 p - a +2 amulet of reflection {unknown}
Scrolls
 c - a scroll of magic mapping {unknown}
 e - a scroll of noise {unknown}
 o - a scroll of recharging {unknown}
 t - a scroll of enchant weapon {unknown}
Potions
 i - a potion of lignification {unknown}
 k - a potion of invisibility {unknown}
 v - a potion of curing {unknown}
Books
 a - a book of Flames

   Spells                             Type                      Level
   a - Flame Tongue                   Conjuration/Fire             1
   b - Throw Flame                    Conjuration/Fire             2
   c - Conjure Flame                  Conjuration/Fire             3
   d - Inner Flame                    Hexes/Fire                   3
   e - Sticky Flame                   Conjuration/Fire             4
   f - Fireball                       Conjuration/Fire             5
Comestibles
 b - 2 bread rations


   Skills:
 - Level 1.7 Dodging
 - Level 1.7 Stealth
 - Level 2.0 Spellcasting
 + Level 3.9 Conjurations
 - Level 3.0 Fire Magic


You had one spell level left.
You knew the following spells:

 Your Spells              Type           Power        Failure   Level  Hunger
a - Flame Tongue          Conj/Fire      ##...        4%          1    #......
b - Throw Flame           Conj/Fire      ##....       8%          2    ###....
c - Conjure Flame         Conj/Fire      ##......     16%         3    ###....


Dungeon Overview and Level Annotations

Branches:
Dungeon (2/15)

Altars:

Annotations:
D:2 Sigmund


Innate Abilities, Weirdness & Mutations

Your plain brown scales are hard. (AC +5)
You cannot fit into any form of body armour.
You are cold-blooded and may be slowed by cold attacks.


Message History

You see here a leather armour.
You hear some strange, mumbled words.
You are confused.
Your magical contamination has completely faded away.
You bump into the rock wall.
Something hits you!
You're too confused to move!
You bump into the rock wall.
Something barely misses you.
You feel less confused.
You see here 20 arrows.
You are confused.
You see here 20 arrows.
Something hits you.
* * * LOW HITPOINT WARNING * * *
Something hits you.
* * * LOW HITPOINT WARNING * * *
You bump into the rock wall.
You see here a leather armour.
You feel less confused. Something hits you!
You die...

..# ###.##.....#####+#
..# #.......#.###### ..#
#.#####.#......# #.#
###.# #.######## #>#
#...# #.# #.# #.#.## #.#
#.##########....####.#
###.............#......#
....##########..@.######
##### #####[#...# #
###.....{(#.#
########.#.#####.#.#
..{........# #.#.#
########.#.# #...# #.#.#
#.### #.#.#####.#
#.#.......#


There were no monsters in sight!

Vanquished Creatures
  2 adders (D:2)
  2 oozes
  A dart slug (D:2)
  3 ball pythons
  5 bats
  A giant cockroach (D:1)
  6 goblins (D:1)
  5 hobgoblins (D:1)
  4 jackals (D:2)
  2 frilled lizards (D:1)
  4 kobolds
  5 rats
40 creatures vanquished.

Notes
Turn   | Place    | Note
-------+----------+-------------------------------------------
     0 | D:1      | MJtheKandyman the Draconian Fire Elementalist began the quest for the Orb.
     0 | D:1      | Reached XP level 1. HP: 14/14 MP: 3/3
   243 | D:1      | Reached XP level 2. HP: 9/20 MP: 0/5
   751 | D:1      | Learned a level 2 spell: Throw Flame
   923 | D:1      | Reached XP level 3. HP: 26/26 MP: 2/6
   928 | D:1      | Learned a level 3 spell: Conjure Flame
  1414 | D:2      | Noticed Sigmund
  1751 | D:2      | Reached XP level 4. HP: 33/33 MP: 2/7
  2196 | D:2      | Slain by Sigmund

Skill      XL: |  1  2 |
---------------+-------+-----
Conjurations   | 2 3 |  3.9
Dodging        | |  1.7
Stealth        | |  1.7
Spellcasting   | |  2.0
Fire Magic     | |  3.0

Action                   |  1- 3 |  4- 6 || total
-------------------------+-------+-------++-------
Melee: Unarmed           |    31 |       ||    31
       Dagger            |    25 |       ||    25
       Tailslap          |     4 |       ||     4
 Cast: Flame Tongue      |    54 |     9 ||    63
       Throw Flame       |     6 |       ||     6
       Conjure Flame     |     2 |     3 ||     5
  Eat: Chunk             |     4 |     1 ||     5
       Meat ration       |       |     1 ||     1
       Fruit             |       |     1 ||     1
Armor: Skin              |    18 |     1 ||    19
Dodge: Dodged            |    46 |     5 ||    51
